 Dungeon Crawl Stone Soup version 0.18-a0-775-g4d9e04e (webtiles) character file.

4060 Gorice the Carver (level 10, -15/67 HPs)
             Began as a Mummy Wanderer on Dec 12, 2015.
             Was an Initiate of Gozag.
             Killed from afar by a deep elf mage (37 damage)
             ... with a bolt of fire
             ... on level 9 of the Dungeon on Dec 13, 2015.
             The game lasted 00:45:11 (13078 turns).

Gorice the Carver (Mummy Wanderer)                 Turns: 13078, Time: 00:45:12

Health: -15/67     AC: 10    Str: 15    XL:     10   Next: 5%
Magic:  13/13      EV: 15    Int: 16    God:    Gozag
Gold:   1208       SH:  0    Dex: 11    Spells: 2 memorised, 10 levels left

rFire  x . .     SeeInvis .     a - +2 falchion
rCold  + . .     Clarity  .     h - +0 ring mail
rNeg   + + +     SustAt   .     (no shield)
rPois  ∞         Gourm    .     r - +1 helmet
rElec  .         Spirit   .     u - +0 cloak
rCorr  +         Dismiss  .     (no gloves)
rMut   .         Stasis   .     p - +1 pair of boots
MR     +....                    g - amulet of resist corrosion
Stlth  +.........               l - +5 ring of evasion
                                i - ring of wizardry

@: somewhat resistant to hostile enchantments, very unstealthy
A: no food or potions, fire vulnerability, cold resistance 1, negative energy
resistance 3, torment resistance, unbreathing
a: Potion Petition, Call Merchant, Bribe Branch, Renounce Religion


You were on level 9 of the Dungeon.
You worshipped Gozag.
Gozag was noncommittal.
You were not hungry.

You visited 2 branches of the dungeon, and saw 10 of its levels.
You also visited: Ossuary.

You collected 1733 gold pieces.
You spent 105 gold pieces at shops.
You paid 420 gold pieces to Gozag.

Inventory:

Hand Weapons
 a - a +2 falchion (weapon)
 b - a +0 hunting sling
 e - a +0 dagger
 o - a +0 spear of piercing
   (You found it on level 3 of the Dungeon)
 B - a +0 blowgun
 E - a +2 halberd of freezing
   (You took it off a gnoll on level 5 of the Dungeon)
Missiles
 F - 4 tomahawks (quivered)
 I - 18 sling bullets
 K - 18 poisoned needles
 Z - 294 stones
Armour
 d - a +0 robe
 h - a +0 ring mail (worn)
 p - a +1 pair of boots (worn)
 r - a +1 helmet (worn)
 u - a +0 cloak (worn)
 w - a +0 plate armour
 y - a +0 chain mail
Magical Staves
 t - an uncursed staff of energy
Jewellery
 g - an amulet of resist corrosion (around neck)
 i - a ring of wizardry (left hand)
 l - a +5 ring of evasion (right hand)
 z - an uncursed ring of sustain attributes
 G - an uncursed ring of wizardry
Scrolls
 f - 2 scrolls of amnesia
 j - 2 scrolls of fear {!r}
 k - 4 scrolls of remove curse
 m - 3 scrolls of noise {!r}
 n - 2 scrolls of teleportation {!r}
 q - 2 scrolls of fog
 v - 4 scrolls of blinking
 x - a scroll of enchant weapon {unknown}
 A - a scroll of recharging {unknown}
 C - a scroll of immolation {!r}
 D - a scroll of vulnerability {unknown}
 J - 2 scrolls of enchant armour
 L - 3 scrolls of magic mapping {!r}
Books
 c - the Handbook of Bewitchment

   Spells                             Type                      Level
   a - Confusing Touch                Hexes                        2
   b - Slow                           Hexes                        2
 H - the Reference Book on Combat Magic

   Spells                             Type                      Level
   a - Magic Dart                     Conjuration                  1
   b - Searing Ray                    Conjuration                  2
Miscellaneous
 s - a legendary deck of defence


   Skills:
 - Level 2.0 Fighting
 * Level 11.9 Long Blades
 - Level 1.5 Dodging
 - Level 1.5 Stealth
 - Level 2.1 Spellcasting
 - Level 0.7 Conjurations
   Level 1.0 Air Magic


You had 10 spell levels left.
You knew the following spells:

 Your Spells              Type           Power        Failure   Level  Hunger
a - Magic Dart            Conj           #...         14%         1    N/A
b - Searing Ray           Conj           #.....       24%         2    N/A

Dungeon Overview and Level Annotations

Branches:
Dungeon (9/15)             Temple (1/1) D:4
   Lair: D:8-11         Orc: D:9-12

Altars:
Ashenzari
Cheibriados
Dithmenos
Elyvilon
Fedhas
Gozag
Kikubaaqudgha
Makhleb
Okawaru
Pakellas
Qazlal
Ru
Sif Muna
Trog
Vehumet
Xom
Yredelemnul
Zin
The Shining One

Shops:
D:4 ?   D:7 !

Portals:
Bailey: D:9

Annotations:
D:5 pUX: nasties!, Eustachio; crawlian's ghost, novice DEEE
D:6 exclusions: electric eel and 1 more exclusion


Innate Abilities, Weirdness & Mutations

You do not eat or drink.
Your flesh is vulnerable to fire.
You are immune to poison.
Your flesh is cold resistant.
You are immune to negative energy.
You are immune to unholy pain and torment.
You can survive without breathing.


Message History

The sticky flame hits you!
You are covered in liquid flames!
The goblin completely misses you.
You slash the deep elf mage!
The deep elf mage is moderately wounded.
You are covered in liquid flames!
The deep elf mage hits you with a short sword.
Damage: 10 (max 10) Unknown command.
You hit the deep elf mage.
The deep elf mage is heavily wounded.
You are covered in liquid flames!
The goblin closely misses you.
The goblin splashes around in the water.
The goblin hits you with a hand axe.
Damage: 6 (max 10)
Your ring mail prevents you from hitting the deep elf mage.
The deep elf mage is heavily wounded.
You are covered in liquid flames!
The deep elf mage closely misses you. The goblin closely misses you.
The goblin barely misses you.
Damage: 4 (max 10)
You barely miss the deep elf mage.
The deep elf mage is heavily wounded.
You are covered in liquid flames!
The goblin closely misses you. The deep elf mage barely misses you.
Damage: 1 (max 10) Unknown command.
You closely miss the deep elf mage.
The deep elf mage is heavily wounded.
You are covered in liquid flames!
The goblin hits you with a hand axe.
The goblin splashes around in the water.
The goblin hits you but does no damage.
The deep elf mage hits you but does no damage.
Damage: 10 (max 10)
You hit the deep elf mage but do no damage.
The deep elf mage is heavily wounded.
You are covered in liquid flames!
The goblin barely misses you.
Damage: 3 (max 10) Unknown command.
You hit the deep elf mage.
The deep elf mage is heavily wounded.
The goblin splashes around in the water.
The deep elf mage points at you and mumbles some strange words.
The bolt of fire hits you! The fire burns you terribly!
Ouch! That really hurt!
You die...
Your body crumbles into a pile of gold.

********+++********,,,≈,,,
*,,,,.....,,..,,,,,,,,,,
*,,,,,...#*#..,**,,,,,,,
**,***#..# #.#**********
******,*###..###.# *
*,,,,,,,,.....##.# *
****,*,***#...##.# *
*,#.####gg.##.# *
*,#.....@e....#
*,#..≈≈≈$g≈≈..###########
*....≈##.##≈.............
*##..≈#...#≈.......)...##
#.,≈#.∩.#≈..########.#
#,,≈#...#≈..# #.#
*,,≈#####≈..# #.#
**,≈≈≈≈≈≈≈..# #.#
*,,,,......# ###


You could see a deep elf mage and 3 goblins.

Vanquished Creatures
  Joseph (D:7)
  A hungry ghost (D:9)
  A water moccasin (D:8)
  A hippogriff (D:7)
  An ice beast (D:6)
  A sky beast (D:8)
  6 ogres
  A phantom (D:8)
  3 centaurs
  A big kobold (D:7)
  7 giant frogs
  A wyvern skeleton (D:9)
  3 scorpions
  3 vampire bats (D:4)
  6 killer bees (D:7)
  3 crimson imps
  2 orc priests
  4 hounds
  A giant frog skeleton (D:5)
  3 orc wizards
  Jessica (D:3)
  3 iguanas
  A quasit (D:8)
  8 worker ants
  A big kobold zombie (Ossuary)
  A hound zombie (D:5)
  8 mummies (Ossuary)
  Robin (D:3)
  A hound skeleton (D:4)
  A worker ant zombie (D:6)
  10 adders
  6 gnolls
  4 river rats (D:6)
  An ooze (D:3)
  An adder zombie (D:6)
  5 worms
  4 giant geckos
  13 orcs
  2 ball pythons
  8 bats
  5 bat skeletons (D:4)
  A bat zombie (D:4)
  4 giant cockroaches
  11 hobgoblins
  19 jackals
  4 quokkas
  2 giant gecko skeletons
  6 giant newts
  11 goblins
  A hobgoblin zombie (Ossuary)
  2 jackal skeletons
  10 kobolds
  2 kobold zombies (Ossuary)
  4 orc zombies (Ossuary)
  8 rats
220 creatures vanquished.

Notes
Turn   | Place    | Note
--------------------------------------------------------------
     0 | D:1      | Gorice the Mummy Wanderer began the quest for the Orb.
     0 | D:1      | Gorice set off with: a +2 falchion, the Reference Book on Combat Magic, the Handbook of Bewitchment, a +0 robe, a +0 dagger
     0 | D:1      | Reached XP level 1. HP: 16/16 MP: 3/3
     0 | D:1      | Identified the Reference Book on Combat Magic
     0 | D:1      | Identified the Handbook of Bewitchment
     2 | D:1      | Learned a level 1 spell: Magic Dart
   525 | D:1      | Reached XP level 2. HP: 22/22 MP: 5/5
  1275 | D:2      | Reached skill level 2 in Long Blades
  1275 | D:2      | Reached XP level 3. HP: 9/27 MP: 6/6
  2211 | D:3      | Noticed Jessica
  2215 | D:3      | Killed Jessica
  2215 | D:3      | Reached skill level 3 in Long Blades
  2215 | D:3      | Reached XP level 4. HP: 30/33 MP: 7/7
  2713 | D:3      | Found an opulent altar of Gozag.
  2770 | D:3      | Became a worshipper of Gozag Ym Sagoz the Greedy
  2802 | D:3      | Noticed Robin
  2828 | D:3      | Killed Robin
  3014 | D:4      | Found Hoeperas's Magic Scroll Emporium.
  3057 | D:3      | Reached skill level 4 in Long Blades
  3057 | D:3      | Reached XP level 5. HP: 14/38 MP: 0/8
  3328 | D:4      | Found a staircase to the Ecumenical Temple.
  3354 | Temple   | Entered the Ecumenical Temple
  3424 | D:4      | Found an oddly glowing altar of Pakellas.
  3545 | D:4      | Reached XP level 6. HP: 37/44 MP: 9/9
  3587 | D:4      | Found a large runed door.
  3589 | D:4      | Found a large runed door.
  3595 | D:4      | Found a large runed door.
  3595 | D:4      | Found a large runed door.
  3635 | D:4      | Reached skill level 5 in Long Blades
  3699 | D:4      | Bought a scroll of blinking for 105 gold pieces
  4189 | D:4      | HP: 12/44 [orc/flail of protection (5)]
  4307 | D:4      | Found an ancient bone altar of Kikubaaqudgha.
  4345 | D:4      | Reached skill level 6 in Long Blades
  4345 | D:4      | Reached XP level 7. HP: 36/50 MP: 10/10
  4504 | D:5      | Entered Level 5 of the Dungeon
  4504 | D:5      | Found a blossoming altar of Fedhas.
  5248 | D:5      | Noticed crawlian's ghost (novice DEEE)
  5264 | D:5      | Noticed Eustachio
  5308 | D:6      | Upgraded the game from 0.18-a0-750-g37044d6 to 0.18-a0-775-g4d9e04e
  5343 | D:6      | Reached skill level 7 in Long Blades
  5375 | D:6      | Found a sand-covered staircase.
  5379 | D:6      | HP: 13/50 [giant frog (4)]
  5381 | D:6      | HP: 4/50 [giant frog (6)]
  5412 | Ossuary  | Entered an ossuary
  5754 | Ossuary  | HP: 14/50 [mummy (13)]
  5763 | Ossuary  | HP: 7/50 [big kobold zombie (2)]
  6343 | Ossuary  | Reached XP level 8. HP: 39/56 MP: 11/11
  6691 | D:6      | Found a glowing silver altar of Zin.
  6719 | D:6      | Reached skill level 8 in Long Blades
  7635 | D:6      | Reached skill level 9 in Long Blades
  8098 | D:6      | HP: 14/56 [gnoll (5)]
  8104 | D:6      | HP: 11/56 [gnoll (4)]
  8109 | D:5      | HP: 6/56 [gnoll (6)]
  8553 | D:4      | HP: 10/56 [ogre/giant club (15)]
  8893 | D:5      | HP: 16/56 [gnoll/halberd (10)]
  8894 | D:5      | HP: 7/56 [gnoll/halberd of freezing (2)]
  8896 | D:5      | HP: 1/56 [gnoll/halberd (6)]
  9358 | D:6      | Found a glowing golden altar of the Shining One.
  9358 | D:6      | Found a blossoming altar of Fedhas.
  9359 | D:6      | Found a shadowy altar of Dithmenos.
  9380 | D:6      | Found a burning altar of Makhleb.
  9477 | D:6      | Noticed a moth of wrath
  9510 | D:6      | Found a bloodstained altar of Trog.
  9605 | D:6      | HP: 13/56 [worker ant (7)]
 10097 | D:7      | Noticed Joseph
 10135 | D:6      | Learned a level 2 spell: Searing Ray
 10235 | D:7      | Found Hiabofy's Distillery.
 10263 | D:7      | Reached XP level 9. HP: 49/61 MP: 9/12
 10548 | D:7      | Reached skill level 10 in Long Blades
 10683 | D:7      | HP: 18/61 [Joseph/uncursed quarterstaff (2)]
 10688 | D:7      | Killed Joseph
 11677 | D:7      | Reached skill level 11 in Long Blades
 12956 | D:9      | Reached XP level 10. HP: 67/67 MP: 13/13
 13056 | D:9      | Found a flagged portal.
 13056 | D:9      | Noticed a deep elf mage
 13078 | D:9      | Killed from afar by a deep elf mage

Vault maps used:
D:1:      noname_arrival_rooms_in_the_neighbourhood
D:2:      minmay_misc_feat_cross, kennysheep_doodads, st_stairs_6
D:3:      marbit_many_paths, first_bread, uniq_jessica, uniq_robin
D:4:      kennysheep_vampire_church, grunt_pakellas_basics,
          minmay_temple_entry_statues_pillars, serial_shops, shop,
          minmay_hollow_rounded_squares
D:5:      basic_altar, eino_tiny_chamber, uniq_edmund, uniq_eustachio
D:6:      wad_woods_stonehenge, nicolae_overflow_quartered_altars,
          gup_sewer_entry_bowl, enter_ossuary_2, nicolae_lava_and_water,
          minmay_bad_closet, tgw_trog
D:7:      serial_shops, shop, uniq_joseph
D:9:      nemelex_altar_shiori, enter_bailey_3, blue_anna_alchemist,
          st_stairs_8, amalloy_card_club
Temple:   temple_eino_lava_12
Ossuary:  ossuary_tomb_3

Action                   |  1- 3 |  4- 6 |  7- 9 | 10-12 || total
-------------------------+-------+-------+-------+-------++-------
Melee: Falchion          |   104 |   216 |   868 |    39 ||  1227
 Fire: Hunting sling     |       |       |    51 |       ||    51
       Blowgun           |       |       |     7 |       ||     7
Throw: Stone             |       |       |    79 |       ||    79
       Tomahawk          |       |       |    22 |       ||    22
 Cast: Magic Dart        |    23 |    30 |    25 |       ||    78
       Searing Ray       |       |       |     2 |       ||     2
Invok: Potion Petition   |       |     1 |     1 |       ||     2
  Use: Scroll            |     3 |       |     8 |       ||    11
 Stab: Sleeping          |     1 |       |       |       ||     1
       Distracted        |       |     1 |     2 |     1 ||     4
       Invisible         |       |       |     2 |       ||     2

Table legend:
 A = Turns spent in this place as a percentage of turns spent in the entire game.
 B = Non-inter-level travel turns spent in this place as a percentage of non-inter-level travel turns spent in the entire game.
 C = Inter-level travel turns spent in this place as a percentage of turns spent in this place.
 D = Turns resting spent in this place as a percentage of non-inter-level travel turns spent in this place.
 E = Turns spent auto-exploring this place as a percentage of non-inter-level travel turns spent in this place.
 F = Non-inter-level travel turns spent in this place divided by the number of levels of this place that you've seen.
                   A       B       C       D       E      F
               +-------+-------+-------+-------+-------+----------------------
         Total | 100.0 | 100.0 |   0.3 |   2.4 |   4.2 | 403.5
       Dungeon |  91.3 |  91.3 |   0.3 |   2.1 |   4.6 | 450.1
        Temple |   1.2 |   1.2 |   1.9 |   0.0 |   0.0 |  52.0
       Ossuary |   7.5 |   7.6 |   0.0 |   6.0 |   0.3 | 336.0
               +-------+-------+-------+-------+-------+----------------------

Vault maps used:
D:1:      noname_arrival_rooms_in_the_neighbourhood
D:2:      minmay_misc_feat_cross, kennysheep_doodads, st_stairs_6
D:3:      marbit_many_paths, first_bread, uniq_jessica, uniq_robin
D:4:      kennysheep_vampire_church, grunt_pakellas_basics,
          minmay_temple_entry_statues_pillars, serial_shops, shop,
          minmay_hollow_rounded_squares
D:5:      basic_altar, eino_tiny_chamber, uniq_edmund, uniq_eustachio
D:6:      wad_woods_stonehenge, nicolae_overflow_quartered_altars,
          gup_sewer_entry_bowl, enter_ossuary_2, nicolae_lava_and_water,
          minmay_bad_closet, tgw_trog
D:7:      serial_shops, shop, uniq_joseph
D:9:      nemelex_altar_shiori, enter_bailey_3, blue_anna_alchemist,
          st_stairs_8, amalloy_card_club
Temple:   temple_eino_lava_12
Ossuary:  ossuary_tomb_3
